 Dungeon Crawl Stone Soup version 0.28.0-1-gb440e238dd (webtiles) character file.

Game seed: 16183285401112460561

161 Sharkman1231 the Cudgeller (level 5, 0/39 HPs)
             Began as a Demonspawn Gladiator on Feb 26, 2022.
             Splashed by a jelly's acid (7 damage)
             ... on level 4 of the Dungeon.
             The game lasted 00:02:04 (3106 turns).

Sharkman1231 the Cudgeller (Demonspawn Gladiator)   Turns: 3106, Time: 00:02:05

Health: 0/39       AC:  4    Str: 20    XL:     5   Next: 18%
Magic:  5/5        EV: 12    Int: 21    God:
Gold:   135        SH:  0    Dex: 16    Spells: 4/4 levels left

rFire   . . .      SeeInvis .   a - +0 flail
rCold   . . .      Faith    .   (no shield)
rNeg    . . .      Spirit   .   h - +0 ring mail
rPois   .          Reflect  .   (helmet restricted)
rElec   .          Harm     .   (no cloak)
rCorr   .          Rampage  .   o - +0 pair of gloves
Will    .....                   l - +1 pair of boots of Pessimism {Str+5 Int+5}
Stlth   +.........              n - amulet of the Vendetta {RegenMP Int+7}
HPRegen 1.13/turn               (no ring)
MPRegen 0.49/turn               (no ring)

@: corroded
A: horns 1, powered by death 2, fangs 1, hooves 1, screaming 1
a: no special abilities


You were on level 4 of the Dungeon.
You visited 1 branch of the dungeon, and saw 4 of its levels.

You collected 135 gold pieces.

Inventory:

Hand Weapons
 a - a +0 flail (weapon)
Armour
 h - a +0 ring mail (worn)
 l - the +1 pair of boots of Pessimism (worn) {Str+5 Int+5}
   (You found it on level 2 of the Dungeon)

   Str:       It affects your strength (+5).
   Int:       It affects your intelligence (+5).
 o - a +0 pair of gloves (worn)
Jewellery
 n - the amulet of the Vendetta (around neck) {RegenMP Int+7}
   (You found it on level 3 of the Dungeon)

   [amulet of magic regeneration]

   It increases your rate of magic regeneration.
   Int:       It affects your intelligence (+7).
 p - an amulet of reflection
Scrolls
 e - a scroll of teleportation
 g - a scroll of fog {unknown}
 i - a scroll of blinking {unknown}
 k - 2 scrolls of identify {unknown}
 m - a scroll of enchant armour {unknown}
Potions
 b - 2 potions of mutation
 c - a potion of degeneration {unknown}
 f - 2 potions of lignification {unknown}
 j - 3 potions of attraction {unknown}


   Skills:
 + Level 2.6 Fighting
 * Level 4.7 Maces & Flails
 - Level 1.7 Throwing
 + Level 3.3 Dodging


You had 4 spell levels left.
You didn't know any spells.
Your spell library was empty.

Dungeon Overview and Level Annotations

Branches:
Dungeon (4/15)
 Temple: D:4-7

Altars:

Annotations:
D:4 Blork the orc


Innate Abilities, Weirdness & Mutations

You have a pair of small horns on your head.
You regenerate health from kills.
You have very sharp teeth.
You have large cloven feet.
You occasionally shout uncontrollably at your foes.


Message History

As you read the scroll labelled SAMOEPH RITU, it crumbles to dust.
You feel strangely unstable.
It was a scroll of teleportation.
Blork the orc struggles against the net. x2
Blork the orc struggles against the net.
The net rips apart, and Blork the orc comes free!
Your surroundings suddenly seem different.
A kobold, 2 adder skeletons and a jelly come into view.
Found a stone staircase leading up.
The kobold shouts!
The jelly quivers.
It was a potion of mutation.
You feel extremely strange.
Your teeth lengthen and sharpen.
You feel the urge to shout.
Your feet thicken and deform.
The adder skeleton bites you but does no damage.
The kobold closely misses you.
The adder skeleton bites you but does no damage.
The kobold barely misses you.
You thump the adder skeleton! Your bite misses the adder skeleton.
The adder skeleton is severely damaged.
The adder skeleton misses you.
You hit the adder skeleton.
You destroy the adder skeleton!
The kobold throws a stone.
The stone hits you but does no damage.
You barely miss the adder skeleton.
Your headbutt misses the adder skeleton.
The adder skeleton misses you.
You barely miss the adder skeleton.
The adder skeleton bites you but does no damage.
You hit the kobold.
You kill the kobold!
Things that are here:
a +0 dagger; 3 stones You hit the jelly.
The acid corrodes you!
Your hands burn!
* * * LOW HITPOINT WARNING * * *
You headbutt the jelly.
The jelly is heavily wounded.
The jelly hits you.
* * * LOW HITPOINT WARNING * * *
You are splashed with acid!
You die...

#...................
#........(..........
#.<.................
###...###........≈..
#.### #.......≈≈≈. #.#
##.......≈≈.
##.#######.......≈≈
###................≈≈
#≈##@#######........≈
#≈ #J# ..#.....≈
##≈##Z# #..#....≈≈
#.≈...#####. #......≈
#.≈.........# #.......
#.≈........##.....>...
##≈#<......##.........
#≈#.......##.........
###...........>......


You could see a jelly and an adder skeleton.

Vanquished Creatures
  A centaur skeleton (D:4)
  A hound skeleton (D:4)
  3 adders
  An ufetubus (D:4)
  2 adder skeletons (D:4)
  A dart slug (D:2)
  2 orcs (D:3)
  8 ball pythons
  4 bats
  6 endoplasms
  5 giant cockroaches
  2 goblins
  10 hobgoblins
  6 jackals (D:4)
  3 quokkas
  6 frilled lizards
  8 kobolds
  2 rats (D:1)
71 creatures vanquished.

Notes
Turn   | Place    | Note
-------+----------+-------------------------------------------
     0 | D:1      | Sharkman1231 the Demonspawn Gladiator began the quest for
                  | the Orb.
     0 | D:1      | Reached XP level 1. HP: 16/16 MP: 1/1
   140 | D:1      | Reached skill level 3 in Maces & Flails
   145 | D:1      | Gained mutation: You have a pair of small horns on your
                  | head. [demonic ancestry]
   145 | D:1      | Reached XP level 2. HP: 21/22 MP: 2/2
   185 | D:1      | Found a faded altar of an unknown god.
  1126 | D:2      | Gained mutation: You regenerate a little health from kills.
                  | [demonic ancestry]
  1126 | D:2      | Reached XP level 3. HP: 25/27 MP: 3/3
  1427 | D:2      | Identified the +1 pair of boots of Pessimism {Str+5 Int+5}
  2381 | D:3      | Reached skill level 4 in Maces & Flails
  2381 | D:3      | Gained mutation: You regenerate health from kills. [demonic
                  | ancestry]
  2381 | D:3      | Reached XP level 4. HP: 34/34 MP: 4/4
  2383 | D:3      | Identified the amulet of the Vendetta {RegenMP Int+7}
  2849 | D:4      | Reached XP level 5. HP: 35/39 MP: 5/5
  3077 | D:4      | Noticed Blork the orc
  3085 | D:4      | HP: 1/39 [Blork the orc (3)]
  3093 | D:4      | Gained mutation: You have very sharp teeth. [potion of
                  | mutation]
  3093 | D:4      | Gained mutation: You occasionally shout uncontrollably at
                  | your foes. [potion of mutation]
  3093 | D:4      | Gained mutation: You have large cloven feet. [potion of
                  | mutation]
  3106 | D:4      | Splashed by a jelly's acid

Illustrated notes

Levels and vault maps discovered:
D:1:      onia_arrival_mini_maze_b, layout_loops_ring,
          ebering_ecumenical_altar_mist
D:2:      layout_basic, kennysheep_generic_room_7
D:3:      layout_basic
D:4:      layout_rooms, serial_rivers, chequers_serial_rivers_micro_a,
          chequers_serial_rivers_room_b, chequers_serial_rivers_room_b,
          chequers_serial_rivers_small_a, chequers_serial_rivers_large_b,
          uniq_blork_the_orc

Skill      XL: |  1  2  3 |
---------------+----------+-----
Maces & Flails | 3 4 |  4.7
Dodging        | 3 |  3.3
Fighting       | |  2.6
Throwing       | |  1.7

Action                   |  1- 3 |  4- 6 || total
-------------------------+-------+-------++-------
Melee: Flail             |   103 |    85 ||   188
       Headbutt          |    10 |    12 ||    22
       Punch             |       |     1 ||     1
Throw: Throwing net      |       |     3 ||     3
  Use: Scroll            |       |     1 ||     1
       Potion            |       |     1 ||     1
 Stab: Sleeping          |     1 |       ||     1
Armor: Leather armour    |    23 |       ||    23
       Ring mail         |    15 |    31 ||    46
Dodge: Dodged            |    59 |    74 ||   133
